 Dungeon Crawl Stone Soup version 0.15.0-31-geb66e34 (webtiles) character file.

132 tkappleton the Chiller (level 5, -11/28 HPs)
             Began as a Tengu Ice Elementalist on Sept 13, 2014.
             Was an Initiate of Vehumet.
             Killed by divine providence
             ... invoked by an orc priest
              (12 damage)
             ... on Level 3 of the Dungeon.
             The game lasted 00:25:19 (4590 turns).

tkappleton the Chiller (Tengu Ice Elementalist)     Turns: 4590, Time: 00:25:19

HP -11/28        AC  5     Str  8      XL: 5   Next: 15%
MP  14/14        EV 12     Int 16      God: Vehumet [......]
Gold 150         SH  0     Dex 15      Spells:  4 memorised,  0 levels left

rFire  . . .     SeeInvis .     (no weapon)
rCold  . . .     Clarity  .     z - +0 robe
rNeg   . . .     rCorr    .     (no shield)
rPois  .         rRot     .     e - +2 hat
rElec  .         Spirit   .     (no cloak)
SustAb .         Warding  .     o - +0 pair of gloves
rMut   .         Stasis   .     (boots unavailable)
Gourm  .                        (no amulet)
MR     +....                    q - ring of wizardry
                                i - ring of protection from magic

@: somewhat resistant to hostile enchantments, unstealthy
A: able to fly, beak, talons 3
a: Fly, Renounce Religion


You were on level 3 of the Dungeon.
You worshipped Vehumet.
Vehumet was noncommittal.
You were not hungry.

You visited 1 branch of the dungeon, and saw 3 of its levels.

You collected 150 gold pieces.

Inventory:

Hand weapons
 A - a +1 vampiric short sword
Missiles
 f - 69 arrows
 g - 177 stones
 y - 2 tomahawks (quivered)
Armour
 e - a +2 hat (worn)
 o - a +0 pair of gloves (worn)
 z - a +0 robe (worn)
Magical devices
 t - a wand of magic darts (19)
 B - a wand of digging (5)
Comestibles
 c - 3 bread rations
 k - a beef jerky
 w - a meat ration
Scrolls
 d - a scroll of random uselessness {unknown}
 j - 2 scrolls of blinking {unknown}
 m - a scroll of fear {unknown}
 p - 3 scrolls of identify {unknown}
 r - a scroll of enchant armour {unknown}
 u - a scroll of immolation {unknown}
 v - a scroll of amnesia {unknown}
Jewellery
 i - a ring of protection from magic (left hand)
 q - a ring of wizardry (right hand)
 s - an uncursed ring of protection from cold
Potions
 h - 2 potions of restore abilities {unknown}
 l - 2 potions of curing {unknown}
 n - a potion of agility {unknown}
 x - a potion of degeneration {unknown}
Books
 b - a book of Frost

   Spells                             Type                      Level
   *Freeze                            Ice                          1
   *Throw Frost                       Conjuration/Ice              2
   Ozocubu's Armour                   Charms/Ice                   3
   *Throw Icicle                      Conjuration/Ice              4
   *Summon Ice Beast                  Ice/Summoning                4
   Condensation Shield                Ice                          4


   Skills:
 - Level 2.1 Dodging
 - Level 2.0 Stealth
 + Level 3.7 Spellcasting
 - Level 1.3 Conjurations
 + Level 4.0 Ice Magic


You couldn't memorise any spells.
You knew the following spells:

 Your Spells              Type           Power        Failure   Level  Hunger
a - Freeze                Ice            ###.         1%          1    None
b - Throw Frost           Conj/Ice       ##....       4%          2    ##.....
c - Throw Icicle          Conj/Ice       ##......     32%         4    ####...
d - Summon Ice Beast      Ice/Summ       #.......     52%         4    ####...


Dungeon Overview and Level Annotations

Branches:
Dungeon (3/15)

Altars:
Vehumet


Innate Abilities, Weirdness & Mutations

You can fly.
You have a beak for a mouth.
You have claws for feet.


Message History

The orc priest prays to Beogh.
You feel a wave of unholy energy pass over you.
Put on which piece of jewellery? (? for menu, Esc to quit)
You're wearing all the rings you can.
Remove which one? (? for menu, Esc to cancel) < or
s - a ring of protection from cold; > or
q - a ring of wizardry You remove your ring of protection from cold.
i - a ring of protection from magic (left hand)
The orc priest's eyes start to glow.
The orc priest mumbles some strange prayers to Beogh.
You feel a wave of unholy energy pass over you.
The orc priest mumbles some strange prayers to Beogh against you.
Something smites you!
* * * LOW HITPOINT WARNING * * *
There is a stone staircase leading down here.
The giant cockroach bites you.
* * * LOW HITPOINT WARNING * * *
The orc priest mumbles some strange prayers to Beogh against you.
Something smites you!
You die...

#........###...o.....#
.###....+.#......####
#....#.#......#
...####..#.....#
#.#...###+#...###
.............# ............#
.........)..s# #####
.........###@##### #....
........#.#####...# ###....
.........#...###...######......
#.......###.##................
#.......#...##...)####......#.
#.......#.####.#....##........
#......+......#........%....%
#......#............#........
#...####............#.....(..


You could see an orc priest and a giant cockroach.

Vanquished Creatures
  Ijyb (D:2)
  4 adders
  A giant mite (D:1)
  A worm (D:1)
  6 giant geckos
  An ooze (D:1)
  6 goblins
  7 hobgoblins
  4 jackals (D:1)
  A ball python (D:1)
  3 bats
  5 giant cockroaches
  6 giant newts
  12 kobolds
  2 quokkas (D:2)
  5 rats
  3 bushes (D:1)
  2 plants (D:1)
70 creatures vanquished.

Notes
Turn   | Place    | Note
--------------------------------------------------------------
     0 | D:1      | tkappleton, the Tengu Ice Elementalist, began the quest for the Orb.
     0 | D:1      | Reached XP level 1. HP: 10/10 MP: 3/3
   406 | D:1      | Reached skill level 3 in Ice Magic
   457 | D:1      | Reached XP level 2. HP: 15/15 MP: 5/5
   649 | D:1      | Learned a level 2 spell: Throw Frost
  1312 | D:1      | Reached XP level 3. HP: 17/19 MP: 4/7
  2911 | D:2      | Noticed Ijyb
  3154 | D:2      | Killed Ijyb
  3154 | D:2      | Reached XP level 4. HP: 20/24 MP: 0/10
  3830 | D:2      | Learned a level 4 spell: Throw Icicle
  4412 | D:3      | Found a radiant altar of Vehumet.
  4418 | D:3      | Reached XP level 5. HP: 26/28 MP: 11/13
  4449 | D:3      | Became a worshipper of Vehumet
  4477 | D:3      | Reached skill level 4 in Ice Magic
  4517 | D:3      | Learned a level 4 spell: Summon Ice Beast
  4584 | D:3      | HP: 1/28 [orc priest/divine providence (12)]
  4590 | D:3      | HP: 1/28 [giant cockroach (1)]
  4590 | D:3      | Killed from afar by an orc priest

Action                   |  1- 3 |  4- 6 || total
-------------------------+-------+-------++-------
Melee: Unarmed           |   716 |       ||   716
Throw: Stone             |   119 |    42 ||   161
       Tomahawk          |       |    28 ||    28
 Cast: Freeze            |    56 |    28 ||    84
Evoke: Wand              |       |     1 ||     1
  Eat: Chunk             |     3 |     2 ||     5
       Fruit             |     4 |       ||     4
       Meat ration       |     1 |       ||     1
